Arrhythmia, neutral female human Tourist ---- |..---- ---- -----..... | --..-------------------0|....---.------ -- ----- ---- | |..............%%[..................................^........| --.--------------..%....%<%.%..--- .............-- -- |.| |.......[......| | |.| --.--........--- |.| ---|.......-- |.| |.......| |.| --......- |.| |...---.. 0 |.| ---- ------@..| |.| --..| |0...oo..| |*----...| -........- |...|..--- |.......0..| --.....| |..--.---..| |.....-- --- --- ---- --.|...| ----.-- --- Arrhythmia the Sightseer Experience level: 5 Strength: 10 Dexterity: 16 Constitution: 16 Intelligence: 12 Wisdom: 8 Charisma: 14 Health: 0(39) Energy: 23(23) AC: 9 Gold: 1184 Moves: 1912 Your Inventory: Coins $ - 1184 gold pieces Weapons u - 20 uncursed +2 darts (in quiver) w - 23 [uncursed +0] darts E - 10 [uncursed +0] daggers J - an [uncursed +0] thirsty crude dagger [orcish] K - a cursed [-2] curved sword [scimitar] (weapon in hand) Armor j - an uncursed +0 Hawaiian shirt (being worn) C - an [uncursed] +0 iron skull cap [of warning (orcish helm)] (being worn) H - an [uncursed] +0 hooded cloak [dwarvish] (being worn) Comestibles b - an uncursed tripe ration c - 7 uncursed food rations g - an uncursed [stale] egg y - an [uncursed] orange Scrolls i - 4 uncursed scrolls of magic mapping z - a [blessed] scroll labeled ASHPD [of identify] B - an [uncursed] scroll labeled MAPIRO MAHAMA DIROMAT [of enchant armor] Spellbooks m - an [uncursed] shining spellbook [of remove curse] Potions h - 2 uncursed potions of extra healing p - an [uncursed] clear potion [of water] D - a [blessed] potion of full healing Wands x - an [uncursed] wand of secret door detection [0:11] Tools k - an uncursed expensive camera (0:44) l - an uncursed credit card I - an [uncursed +0] pick-axe Gems G - an [uncursed] white gem [opal] L - 2 [uncursed] orange gems [worthless glass] Spells known in the end: Name Level Category Fail Memory Your skills at the end: Fighting Skills Weapon Skills dart [Basic / Expert] Spellcasting Skills Final Attributes: You were devoutly aligned. Hunger level was 143. Your alignment was 18 / 19. Monster difficulty range was 0 - 4. Level difficulty was 4. You were warned. You were lucky (1). You are dead. Vanquished creatures: a dwarf lord a gnome lord 2 kittens a dwarf 3 hill orcs 2 dwarf zombies 2 gas spores a yellow mold 13 gnomes 2 geckos 7 jackals 2 foxes a goblin 2 sewer rats a grid bug a bat 3 lichens 2 kobold zombies 4 newts 51 creatures vanquished. Voluntary challenges: You used a wielded weapon 45 times. You read items or engraved 33 times. You put on armor 6 times. You never genocided any monsters. You never polymorphed an object. You never changed form. You used no wishes. You wrote Elbereth's name 25 times. You never encountered a bones level. You never used any Sokoban shortcuts. Dungeon overview: The Dungeons of Doom: levels 1 to 3 Level 1 a long staircase Level 2 a general store Level 3 stairs to The Gnomish Mines The Gnomish Mines: Level 4 <- You were here stairs to The Dungeons of Doom History has recorded: On T:1 you entered the Dungeons of Doom to retrieve the Amulet of Yendor! On T:433 you advanced to experience level 2. On T:494 you reached level 2 of The Dungeons of Doom. On T:735 you advanced to experience level 3. On T:1223 you reached level 3 of The Dungeons of Doom. On T:1574 you advanced to experience level 4. On T:1692 you reached level 1 of The Gnomish Mines. On T:1713 you advanced to experience level 5. Latest messages: [3 turns] You see here a yellowish brown gem. The hill orc wields a crude dagger! The crude dagger welds itself to the hill orc's hand! The hill orc hits! [HP-1=38] You miss the hill orc. The hill orc hits! (2x) [HP-8=30] You miss the hill orc. You hit the hill orc. The hill orc thrusts his crude dagger. The hill orc hits! (3x) You are beginning to feel hungry. [HP-14=16] You miss the hill orc. [HP+1=17] You miss the hill orc. The hill orc thrusts his crude dagger. The hill orc hits! [HP-9=8] You hit the hill orc. The hill orc thrusts his crude dagger. The hill orc hits! (2x) You die... Final status: Aloha Arrhythmia the Tourist... You died in The Gnomish Mines on dungeon level 4 with 1803 points, and 1184 pieces of gold, after 1912 moves. You were level 5 with a maximum of 39 hit points when you died.